 Dungeon Crawl Stone Soup version 0.22-a0-283-g1871b15 (webtiles) character file.

17661 grindst0ne the Fighter (level 12, -5/84 HPs)
             Began as a Kobold Berserker on Mar 19, 2018.
             Was a High Priest of Trog.
             Slain by Urug
             ... wielding a +0 scimitar of freezing
              (17 damage)
             ... on level 3 of the Lair of Beasts.
             The game lasted 00:32:17 (15081 turns).

grindst0ne the Fighter (Kobold Berserker)          Turns: 15081, Time: 00:32:18

Health: -5/84      AC: 13    Str: 15    XL:     12   Next: 85%
Magic:  12/12      EV: 15    Int: 17    God:    Trog [*****.]
Gold:   671        SH:  0    Dex: 18    Spells: 11/11 levels left

rFire    . . .     SeeInvis .   s - +1 broad axe of Change {protect, rN+ Int+2}
rCold    . . .     Gourm    .   (shield currently unavailable)
rNeg     + . .     Faith    .   e - +0 chain mail
rPois    .         Spirit   .   y - +0 helmet of Tydy {Int+3 Dex+3}
rElec    .         Reflect  .   (no cloak)
rCorr    +         Harm     .   G - +0 pair of gloves
MR       .....                  (no boots)
Stlth    ..........             D - amulet of magic regeneration
HPRegen  0.24/turn              F - ring of resist corrosion
MPRegen  0.38/turn              (no ring)

@: berserk cooldown, slowed, very slow
A: small, carnivore
a: Berserk, Trog's Hand, Brothers in Arms, Renounce Religion


You were on level 3 of the Lair of Beasts.
You worshipped Trog.
Trog was extremely pleased with you.
You were very full.

You visited 2 branches of the dungeon, and saw 13 of its levels.
You also visited: Ossuary.

You collected 671 gold pieces.

Inventory:

Hand Weapons
 a - a +0 morningstar
 p - a +1 whip of venom
 s - the +1 broad axe of Change (weapon) {protect, rN+ Int+2}
   (Trog gifted it to you on level 1 of the Lair of Beasts)

   It protects the one who uses it against injury (+AC on strike).
   It affects your intelligence (+2).
   It protects you from negative energy.
Missiles
 d - 2 throwing nets (quivered)
 k - 9 tomahawks
Armour
 e - a +0 chain mail (worn)
 y - the +0 helmet of Tydy (worn) {Int+3 Dex+3}
   (You found it on level 5 of the Dungeon)

   It affects your intelligence (+3).
   It affects your dexterity (+3).
 G - a +0 pair of gloves (worn)
Jewellery
 D - an amulet of magic regeneration (around neck)
 F - a ring of resist corrosion (left hand)
Wands
 B - a wand of digging (10)
Scrolls
 b - 3 scrolls of magic mapping
 f - 8 scrolls of remove curse
 g - 4 scrolls of fog
 h - 3 scrolls of enchant armour
 j - 7 scrolls of teleportation
 m - a scroll of amnesia {unknown}
 n - a scroll of vulnerability {unknown}
 u - 2 scrolls of identify
 H - 3 scrolls of enchant weapon
Potions
 l - 3 potions of flight
 o - 7 potions of brilliance
 r - 2 potions of haste
 t - 2 potions of mutation
 v - a potion of cancellation
 w - a potion of invisibility {unknown}
 A - a potion of agility
 C - a potion of degeneration
Comestibles
 c - 17 rations
 i - 3 chunks of flesh


   Skills:
 + Level 13.2 Fighting
 - Level 2.4(6.3) Axes
 + Level 10.0(10.1) Maces & Flails
 + Level 7.8 Armour
 - Level 10.0 Dodging


You had 11 spell levels left.
You didn't know any spells.

Dungeon Overview and Level Annotations

Branches:
Dungeon (10/15)            Temple (0/1) D:5            Lair (3/6) D:8
 Spider (0/4) Lair:2          Orc (0/2) D:10
  Swamp: Lair:2-4    Shoals: Lair:2-4

Altars:
Ashenzari
Cheibriados
Fedhas
Hepliaklqana
Kikubaaqudgha
Makhleb
Okawaru
Qazlal
Uskayaw

Annotations:
D:4 exclusion: downstairs
D:10 Snorg
Lair:3 Urug


Innate Abilities, Weirdness & Mutations

You are small and have problems with some larger weapons.
You are carnivorous and can eat meat at any time.


Message History

You feel less resistant to hostile enchantments.
Urug barely misses you.
Urug squints and says, "You're the ugliest harpy I ever saw."
Urug hits you but does no damage.
You barely miss Urug.
Urug is heavily wounded.
Urug hits you with a scimitar of freezing!!
Urug freezes you!
Urug hits you with a scimitar of freezing!
* * * LOW HITPOINT WARNING * * *
Urug freezes you.
* * * LOW HITPOINT WARNING * * *
Your chain mail prevents you from hitting Urug.
Urug is heavily wounded.
Urug hits you but does no damage.
You closely miss Urug.
Urug is heavily wounded.
Urug hits you but does no damage.
Urug hits you with a scimitar of freezing!
You die...

#############
..>..............#
.................#
.#.P.####P.....P.##
..................#
#....P.##P..#.....#
................P#
.#....(######.##
#.#@(#..#.P..##
......o.?........P#
#.P#.P.P.#.#..#P.##
................#
....<#..#P.#...#.##
..................#
..#....P.#....#..##
.................#
........##


You could see Urug.

Vanquished Creatures
  A hydra (Lair:1)
  4 two-headed ogres
  A death yak (D:8)
  An unseen horror (D:10)
  An elephant (D:8)
  4 spiny frogs
  A komodo dragon (Lair:2)
  A troll (D:9)
  3 jumping spiders (Lair:2)
  5 hippogriffs
  Sigmund (D:6)
  The ghost of vishdafish the Vexing, an amateur OgAM of Yredelemnul (D:3)
  3 basilisks
  A hungry ghost (D:8)
  20 yaks
  Eustachio (D:5)
  Menkaure (D:7)
  3 orc warriors
  A porcupine (Lair:1)
  3 water moccasins
  Duvessa (D:6)
  3 sky beasts
  4 black bears
  4 phantoms
  An ice beast (D:10)
  4 ogres
  4 centaurs
  7 crocodiles
  9 bullfrogs
  4 water moccasin zombies (Ossuary)
  Dowan (D:6)
  2 scorpions
  5 howler monkeys
  2 electric eels
  7 crimson imps
  2 centaur zombies
  A bullfrog zombie (D:5)
  4 hounds
  3 orc priests
  7 jellies
  An iguana (D:8)
  3 orc wizards
  6 worker ants
  A killer bee zombie (D:8)
  5 big kobold zombies (Ossuary)
  3 hound skeletons
  2 mummies (Ossuary)
  5 gnolls
  11 adders
  5 shadow imps
  3 oozes (D:2)
  2 adder skeletons
  7 adder zombies
  3 worms
  3 dart slugs
  7 leopard geckos
  17 orcs
  4 ball pythons
  9 bats
  7 giant cockroaches
  5 gnoll zombies (Ossuary)
  8 goblins
  6 hobgoblins
  11 jackals
  5 quokkas
  3 frilled lizards
  7 hobgoblin zombies (Ossuary)
  8 kobolds
  2 kobold zombies (Ossuary)
  7 orc zombies (Ossuary)
  A quokka skeleton (D:4)
  5 rats
  2 fungi (Lair:2)
306 creatures vanquished.

Notes
Turn   | Place    | Note
-------+----------+-------------------------------------------
     0 | D:1      | grindst0ne the Kobold Berserker began the quest for the Orb.
     0 | D:1      | Reached XP level 1. HP: 14/14 MP: 1/1
   122 | D:1      | Reached XP level 2. HP: 15/19 MP: 2/2
   455 | D:1      | You fall through a shaft!
   510 | D:2      | Reached XP level 3. HP: 5/24 MP: 3/3
   752 | D:2      | Found an iron altar of Okawaru.
   768 | D:2      | Reached skill level 4 in Fighting
  1508 | D:2      | Reached ** piety under Trog
  1682 | D:2      | Reached XP level 4. HP: 29/29 MP: 4/4
  2070 | D:3      | Noticed vishdafish's ghost (amateur OgAM)
  2233 | D:3      | Killed vishdafish's ghost
  2233 | D:3      | Reached skill level 5 in Fighting
  2233 | D:3      | Reached skill level 5 in Dodging
  2233 | D:3      | Reached XP level 5. HP: 32/35 MP: 5/5
  2233 | D:3      | Reached XP level 6. HP: 37/40 MP: 6/6
  2904 | D:3      | Reached *** piety under Trog
  2952 | D:3      | Reached skill level 6 in Fighting
  3329 | D:4      | Reached XP level 7. HP: 46/46 MP: 7/7
  3372 | D:4      | Found a sand-covered staircase.
  3377 | Ossuary  | Entered an ossuary
  3904 | Ossuary  | Reached **** piety under Trog
  4074 | Ossuary  | Reached skill level 1 in Maces & Flails
  4118 | Ossuary  | Reached skill level 7 in Fighting
  4118 | Ossuary  | Reached XP level 8. HP: 22/53 MP: 8/8
  5342 | D:4      | Found a shattered altar of Ashenzari.
  5422 | D:4      | Found a hazy altar of Hepliaklqana.
  5506 | D:5      | Entered Level 5 of the Dungeon
  5616 | D:5      | Noticed Eustachio
  5797 | D:5      | Killed Eustachio
  6047 | D:5      | Reached skill level 8 in Fighting
  6155 | D:5      | Found an ancient bone altar of Kikubaaqudgha.
  6174 | D:5      | Got a pitted helmet
  6180 | D:5      | Identified the +0 helmet of Tydy {Int+3 Dex+3} (You found it on level 5 of the Dungeon)
  6218 | D:5      | Found a staircase to the Ecumenical Temple.
  6224 | D:5      | Reached XP level 9. HP: 59/59 MP: 9/9
  6729 | D:6      | Noticed Duvessa
  6729 | D:6      | Noticed Dowan
  6740 | D:6      | Killed Duvessa
  6757 | D:6      | Killed Dowan
  6954 | D:6      | Noticed Sigmund
  6960 | D:6      | Killed Sigmund
  7023 | D:6      | Reached skill level 9 in Fighting
  7447 | D:7      | Reached skill level 5 in Maces & Flails
  7648 | D:7      | Noticed Menkaure
  7653 | D:7      | Killed Menkaure
  7653 | D:7      | Reached skill level 10 in Dodging
  7815 | D:7      | Reached XP level 10. HP: 66/66 MP: 10/10
  7915 | D:7      | Found a hide-covered altar of Uskayaw.
  7919 | D:7      | Noticed a dagger
  7919 | D:7      | Noticed a hand axe
  8122 | D:8      | Noticed a two-headed ogre
  8132 | D:8      | Killed a two-headed ogre
  8132 | D:8      | Reached skill level 10 in Fighting
  8179 | D:8      | Noticed a two-headed ogre
  8196 | D:8      | Killed a two-headed ogre
  8325 | D:8      | Noticed a death yak
  8326 | D:8      | Found a staircase to the Lair.
  8611 | D:8      | Noticed a two-headed ogre
  8620 | D:8      | Reached ***** piety under Trog
  8634 | D:8      | Killed a two-headed ogre
  8670 | D:8      | Noticed an elephant
  8694 | D:8      | Killed an elephant
  8694 | D:8      | Reached XP level 11. HP: 73/73 MP: 11/11
  8778 | D:8      | Reached skill level 11 in Fighting
  9039 | D:8      | Killed a death yak
  9039 | D:8      | Reached skill level 5 in Armour
  9449 | D:9      | Found a blossoming altar of Fedhas.
  9604 | D:9      | Found a burning altar of Makhleb.
 10199 | D:9      | Found a snail-covered altar of Cheibriados.
 10373 | D:10     | Entered Level 10 of the Dungeon
 10394 | D:10     | Noticed a two-headed ogre
 10422 | D:10     | Killed a two-headed ogre
 10511 | D:10     | Killed an unseen horror
 10511 | D:10     | Reached skill level 12 in Fighting
 10876 | D:10     | Found a staircase to the Orcish Mines.
 11053 | D:10     | Reached XP level 12. HP: 51/81 MP: 12/12
 11364 | D:10     | Noticed Snorg
 11644 | Lair:1   | Entered Level 1 of the Lair of Beasts
 12134 | Lair:1   | Found a stormy altar of Qazlal.
 12151 | Lair:1   | Noticed a four-headed hydra
 12163 | Lair:1   | Killed a four-headed hydra
 12673 | Lair:1   | Received a gift from Trog
 12691 | Lair:1   | Got an ichor-stained broad axe {god gift}
 12694 | Lair:1   | Identified the +1 broad axe of Change {protect, rN+ Int+2} (Trog gifted it to you on level 1 of the Lair of Beasts)
 13670 | Lair:2   | Found a hole to the Spider Nest.
 13760 | Lair:2   | Reached skill level 13 in Fighting
 13774 | Lair:2   | HP: 4/84 [hippogriff (3)]
 13778 | Lair:2   | HP: 1/84 [hippogriff (4)]
 14951 | Lair:3   | Reached skill level 10 in Maces & Flails
 15059 | Lair:3   | Noticed Urug
 15081 | Lair:3   | Slain by Urug

Vault maps used:
D:1:      saegor_arrival_miasma, serial_forest, infiniplex_forest_straight_2,
          infiniplex_forest_clump_diagonal, infiniplex_forest_clump_C,
          infiniplex_forest_zigzag_1, infiniplex_forest_end_2,
          infiniplex_forest_clump_small, infiniplex_forest_end_1,
          infiniplex_forest_clump_double, infiniplex_forest_straight_1,
          minmay_tall_x
D:2:      serial_glass, glass_columns_a, glass_columns_c,
          okawaru_ov_weapons_minmay
D:3:      kb_forest_paths, cheibrodos_gnoll_hut
D:4:      lemuel_coloured_pillars_altar, kennysheep_mini_moat, enter_ossuary_2,
          first_ration
D:5:      minmay_temple_entry_grid, basic_altar, uniq_eustachio
D:6:      uniq_duvessa, uniq_sigmund
D:7:      dancing_weapons_uskayaw, uniq_menkaure
D:8:      david_lair_generic
D:9:      old_standard_altar, overflow_temple_1_default, fedhas_altar_1
D:10:     orc_0_dummy, uniq_snorg
Lair:1:   basic_altar
Lair:2:   spider_nest_entry_a, infiniplex_staircase_pool
Lair:3:   minmay_shoals_entry_hut, st_stairs_12, kb_xom_exploding_sheep,
          uniq_urug
Ossuary:  ossuary_tomb_2

Skill      XL: |  1  2  3  4  5  6  7  8  9 10 11 12 |
---------------+-------------------------------------+-----
Dodging        | 3 5 6 7 8 10 | 10.0
Fighting       | 4 5 6 7 8 9 10 12 13 | 13.2
Maces & Flails | 1 3 5 7 8 10 | 10.0
Armour         | 4 6 7 |  7.8
Axes           | |  2.4

Action                   |  1- 3 |  4- 6 |  7- 9 | 10-12 || total
-------------------------+-------+-------+-------+-------++-------
Melee: Hand axe          |   115 |   155 |       |       ||   270
       Whip              |       |    47 |   639 |   546 ||  1232
       War axe           |       |       |    57 |       ||    57
       Broad axe         |       |       |       |   151 ||   151
       Morningstar       |       |       |       |   100 ||   100
Invok: Berserk           |       |     4 |    12 |    29 ||    45
       Trog's Hand       |       |       |     1 |     9 ||    10
  Use: Scroll            |       |     7 |     6 |    10 ||    23
       Potion            |       |       |     7 |    10 ||    17
  Eat: Chunk             |    11 |     9 |    25 |    60 ||   105
       Ration            |       |       |       |     2 ||     2
Armor: Chain mail        |    76 |   119 |   281 |   324 ||   800
Dodge: Dodged            |    79 |   125 |   412 |   586 ||  1202

Table legend:
 A = Spawn XP
 B = Non-spawn XP
 C = Spawn XP percentage of total XP
 D = Spawn monster count
 E = Non-spawn monster count
 F = Spawn count percentage of total count
 G = Total turns spent on level
                    A         B        C        D         E        F      G
               +---------+---------+-------+---------+---------+-------+---------
         Total |       0 |   25231 |   0.0 |       0 |     304 |   0.0 | 15081
               +---------+---------+-------+---------+---------+-------+---------
           D:1 |       0 |      29 |   0.0 |       0 |      19 |   0.0 |  1151
           D:2 |       0 |     110 |   0.0 |       0 |      23 |   0.0 |  1188
           D:3 |       0 |     441 |   0.0 |       0 |      35 |   0.0 |  1016
           D:4 |       0 |     298 |   0.0 |       0 |      14 |   0.0 |  1016
           D:5 |       0 |     742 |   0.0 |       0 |      18 |   0.0 |   766
           D:6 |       0 |    1179 |   0.0 |       0 |      24 |   0.0 |   857
           D:7 |       0 |    1126 |   0.0 |       0 |      16 |   0.0 |   725
           D:8 |       0 |    5383 |   0.0 |       0 |      28 |   0.0 |  1422
           D:9 |       0 |    2224 |   0.0 |       0 |      21 |   0.0 |   961
          D:10 |       0 |    3514 |   0.0 |       0 |      27 |   0.0 |  1220
        Lair:1 |       0 |    6267 |   0.0 |       0 |      29 |   0.0 |  1895
        Lair:2 |       0 |    2407 |   0.0 |       0 |       9 |   0.0 |  1340
        Lair:3 |       0 |     988 |   0.0 |       0 |       5 |   0.0 |   148
       Ossuary |       0 |     523 |   0.0 |       0 |      36 |   0.0 |  1376
               +---------+---------+-------+---------+---------+-------+---------
